 Dungeon Crawl Stone Soup version 0.21-a0-531-gacddea6 (webtiles) character file.

129 slep the Chopper (level 4, 0/34 HPs)
             Began as a Demonspawn Gladiator on Dec 13, 2017.
             Was an Initiate of Okawaru.
             Slain by a gnoll
             ... wielding a +0 flail
              (4 damage)
             ... on level 3 of the Dungeon.
             The game lasted 00:05:54 (1576 turns).

slep the Chopper (Demonspawn Gladiator)             Turns: 1576, Time: 00:05:54

Health: 0/34       AC:  3    Str: 14    XL:     4   Next: 88%
Magic:  4/4        EV: 13    Int: 10    God:    Okawaru [......]
Gold:   70         SH:  0    Dex: 15    Spells: 3/3 levels left

rFire    . . .     SeeInvis .   a - +0 war axe
rCold    . . .     Gourm    .   (no shield)
rNeg     . . .     Faith    .   b - +0 leather armour
rPois    .         Spirit   .   (helmet restricted)
rElec    .         Reflect  .   (no cloak)
rCorr    .         Harm     .   (no gloves)
MR       .....                  (no boots)
Stlth    +++.......             (no amulet)
HPRegen  1.11/turn              (no ring)
MPRegen  0.09/turn              (no ring)

@: no status effects
A: antennae 1, nightstalker 1, powered by death 1
a: Renounce Religion


You were on level 3 of the Dungeon.
You worshipped Okawaru.
Okawaru was noncommittal.
You were not hungry.

You visited 1 branch of the dungeon, and saw 3 of its levels.

You collected 70 gold pieces.

Inventory:

Hand Weapons
 a - a +0 war axe (weapon)
Missiles
 d - 3 throwing nets (quivered)
Armour
 b - a +0 leather armour (worn)
 c - a +0 helmet
Wands
 x - a wand of iceblast (11)
Scrolls
 e - 2 scrolls of identify {unknown}
 h - a scroll of magic mapping {unknown}
 j - a scroll of immolation {unknown}
 k - 3 scrolls of remove curse {unknown}
 p - a scroll of enchant weapon {unknown}
 s - a scroll of fear {unknown}
 u - 2 scrolls of enchant armour {unknown}
 v - a scroll of teleportation {unknown}
Potions
 i - 2 potions of resistance {unknown}
 m - 2 potions of lignification {unknown}
 o - a potion of heal wounds {unknown}
 q - 3 potions of curing {unknown}
 r - a potion of haste {unknown}
 t - 2 potions of flight {unknown}
Comestibles
 f - 3 bread rations
 g - 3 fruits
 l - 2 meat rations
 n - 2 royal jellies
 w - 4 chunks of flesh


   Skills:
 + Level 2.5 Fighting
 + Level 4.0 Axes
 + Level 2.1 Throwing
 + Level 1.1 Armour
 + Level 3.1 Dodging
 + Level 1.0 Stealth


You had 3 spell levels left.
You didn't know any spells.

Dungeon Overview and Level Annotations

Branches:
Dungeon (3/15)

Altars:
Dithmenos
Gozag
Makhleb
Okawaru


Innate Abilities, Weirdness & Mutations

You have a pair of small antennae on your head.
You are slightly more attuned to the shadows.
You regenerate a little health from kills.


Message History

You closely miss the gnoll.
The gnoll is heavily wounded.
You hit the gnoll but do no damage. The gnoll misses you.
The gnoll hits you with a flail.
You hit the gnoll.
The gnoll is almost dead.
You barely miss the gnoll. The gnoll misses you.
The gnoll hits you with a flail!
* * * LOW HITPOINT WARNING * * *
The gnoll hits you with a spear.
* * * LOW HITPOINT WARNING * * *
You slash the gnoll!
You kill the gnoll!
Okawaru accepts your kill.
Your Axes skill increases to level 4!
You hit the gnoll. The gnoll barely misses you.
You closely miss the gnoll.
The gnoll is almost dead.
The gnoll hits you with a flail.
You die...

### #### #.# #
#...###.# ....
.......># ###.###
#....)@<#
###.....###...##g.#
......... #.......#
#.##...## #.####..#
..#.....#... #..###
....รท_......
#....# ..#.[...#...
##.##.## ..##...##.
#...#..# ..........
#...##.#


You could see a gnoll.

Vanquished Creatures
  3 gnolls
  3 adders (D:2)
  An ooze (D:1)
  A worm (D:2)
  A dart slug (D:1)
  A leopard gecko (D:1)
  3 orcs
  A ball python (D:1)
  5 bats
  4 giant cockroaches
  3 goblins (D:1)
  8 hobgoblins
  4 jackals (D:3)
  7 kobolds
  A quokka (D:1)
  4 frilled lizards
  10 rats
60 creatures vanquished.

Notes
Turn   | Place    | Note
-------+----------+-------------------------------------------
     0 | D:1      | slep the Demonspawn Gladiator began the quest for the Orb.
     0 | D:1      | Reached XP level 1. HP: 16/16 MP: 1/1
    97 | D:1      | Reached skill level 3 in Axes
    97 | D:1      | Gained mutation: You are slightly more attuned to the shadows. [demonic ancestry]
    97 | D:1      | Reached XP level 2. HP: 12/22 MP: 2/2
   156 | D:1      | HP: 1/22 [kobold/enchanted dagger (2)]
   618 | D:1      | Gained mutation: You regenerate a little health from kills. [demonic ancestry]
   618 | D:1      | Reached XP level 3. HP: 27/27 MP: 3/3
   927 | D:2      | Found a shadowy altar of Dithmenos.
   964 | D:2      | Found a burning altar of Makhleb.
   994 | D:2      | Found an opulent altar of Gozag.
  1084 | D:2      | Gained mutation: You have a pair of small antennae on your head. [demonic ancestry]
  1084 | D:2      | Reached XP level 4. HP: 31/34 MP: 4/4
  1086 | D:2      | Reached skill level 1 in Armour
  1297 | D:3      | Reached skill level 1 in Stealth
  1323 | D:3      | Found an iron altar of Okawaru.
  1330 | D:3      | Became a worshipper of Warmaster Okawaru
  1574 | D:3      | HP: 1/34 [gnoll/spear (4)]
  1575 | D:3      | Reached skill level 4 in Axes
  1576 | D:3      | Slain by a gnoll

Vault maps used:
D:1:      onia_arrival_larder
D:2:      grunt_gozag_statues, bloody_makhleb, lemuel_crystal_altar, first_bread
D:3:      minitemple, okawaru_gym_becter

Skill      XL: |  1  2  3  4 |
---------------+-------------+-----
Throwing       | 2 |  2.1
Axes           | 3 4 |  4.0
Dodging        | 3 |  3.1
Armour         | 1 |  1.1
Stealth        | 1 |  1.0
Fighting       | |  2.5

Action                   |  1- 3 |  4- 6 || total
-------------------------+-------+-------++-------
Melee: War axe           |    95 |    52 ||   147
 Stab: Sleeping          |     9 |     2 ||    11
  Eat: Chunk             |     1 |     1 ||     2
Armor: Leather armour    |    19 |    12 ||    31
Dodge: Dodged            |    68 |    64 ||   132

Table legend:
 A = Spawn XP
 B = Non-spawn XP
 C = Spawn XP percentage of total XP
 D = Spawn monster count
 E = Non-spawn monster count
 F = Spawn count percentage of total count
 G = Total turns spent on level
                    A         B        C        D         E        F      G
               +---------+---------+-------+---------+---------+-------+---------
         Total |       0 |     185 |   0.0 |       0 |      60 |   0.0 |  1576
               +---------+---------+-------+---------+---------+-------+---------
           D:1 |       0 |      52 |   0.0 |       0 |      27 |   0.0 |   872
           D:2 |       0 |     102 |   0.0 |       0 |      24 |   0.0 |   563
           D:3 |       0 |      31 |   0.0 |       0 |       9 |   0.0 |   141
               +---------+---------+-------+---------+---------+-------+---------
